 Dungeon Crawl Stone Soup version 0.30.1-9-gdf580d7c3d (webtiles) character file.

Game seed: 3105927802955558010

508 lonewolfV2 the Trooper (level 7, -9/59 HPs)
             Began as a Formicid Fighter on Oct 21, 2023.
             Killed by divine providence
             ... invoked by an orc priest
              (12 damage)
             ... on level 4 of the Dungeon.
             The game lasted 00:04:58 (2610 turns).

lonewolfV2 the Trooper (Formicid Fighter)           Turns: 2610, Time: 00:04:59

Health: -9/59      AC:  7    Str: 23    XL:     7   Next: 42%
Magic:  7/7        EV:  9    Int:  7    God:
Gold:   146        SH:  0    Dex: 13    Spells: 6/6 levels left

rFire   . . .        d - +8 giant club (spect)
rCold   . . .        (shield currently unavailable)
rNeg    . . .        b - +0 scale mail
rPois   .            (helmet unavailable)
rElec   .            (no cloak)
rCorr   .            (no gloves)
SInv    +            (no boots)
Will    .....        (no amulet) Stlth
                     (no ring)
HPRegen 0.29/turn    (no ring)
MPRegen 0.10/turn

%: no passive effects
@: no status effects
A: permanent stasis, dig shafts and tunnels, antennae 3, four strong arms
a: Dig, Shaft Self


You were on level 4 of the Dungeon.
You visited 1 branch of the dungeon, and saw 4 of its levels.
You also visited: Sewer.

You collected 146 gold pieces.

Inventory:

Hand Weapons
 a - a +0 war axe
 d - a +8 spectral giant club (weapon)
Armour
 b - a +0 scale mail (worn)
 c - a +1 buckler
Jewellery
 n - a ring of willpower
Potions
 e - 2 potions of degeneration
 f - a potion of mutation {unknown}
 g - a potion of brilliance {unknown}
 h - a potion of haste {unknown}
 i - a potion of cancellation {unknown}
 j - a potion of berserk rage {unknown}
 k - 2 potions of attraction {unknown}
 l - a potion of heal wounds {unknown}
 m - a potion of curing {unknown}


   Skills:
 + Level 6.8 Fighting
 - Level 2.0 Axes
 - Level 5.0 Armour
 - Level 6.0 Shields


You had 6 spell levels left.
You didn't know any spells.
Your spell library was empty.

Dungeon Overview and Level Annotations

Branches:
Dungeon (4/15)              Sewer (visited)
 Temple: D:4-7

Altars:
Elyvilon
Kikubaaqudgha
Nemelex Xobeh

Shops:
D:1 *


Innate Abilities, Weirdness & Mutations

You cannot be hasted, slowed, berserked, paralysed or teleported.
You can dig through walls and to a lower floor.
You have a pair of large antennae on your head. (SInv)
Your four strong arms can wield two-handed weapons with a shield.


Message History

You start resting.
You sense a monster nearby.
You start resting.
An orc comes into view. It is wielding a +0 dagger.
An orc is nearby!
An orc is nearby!
The orc shouts!
You hear a shout! x4
Items here: )))) = †.
Items here: ))))))) [[[ ††††.
The orc hits you but does no damage.
Things that are here:
a +0 dagger; a +0 sling You closely miss the orc.
An orc comes into view. It is wielding a +0 flail.
The orc barely misses you.
You barely miss the orc. The orc barely misses you.
An orc comes into view. It is wielding a +0 flail.
The orc hits you but does no damage.
The orc shouts!
You bludgeon the orc!!
You kill the orc!
An orc priest comes into view. It is wielding a +0 flail.
Items here: ))))))) [[[ ††††.
You bludgeon the orc!!
You kill the orc!
The orc hits you with a +0 flail.
You closely miss the orc. The orc hits you with a +0 flail.
You barely miss the orc. The orc hits you with a +0 flail.
* * * LOW HITPOINT WARNING * * *
The orc hits you but does no damage.
You thump the orc!
You kill the orc!
You hit the orc priest.
The orc priest is heavily wounded.
The orc priest calls down the wrath of Beogh upon you.
Pain shoots through your body!
* * * LOW HITPOINT WARNING * * *
The orc priest mumbles some strange prayers to Beogh against you.
Beogh smites you!
You die...

# .###
#######....
.......#
#####.....###.
#.<.........(.
#.###)######..
#.# #o# #.#
#@# ..# #)#
### #.#§ #..
$... .....
##..PP.
#...?..
.....PP.


You could see an orc priest.

Vanquished Creatures
  Eustachio (D:4)
  2 bullfrogs (Sewer)
  An orc priest (D:3)
  Crazy Yiuf (D:3)
  Robin (D:4)
  7 adders
  A worm (D:3)
  8 orcs
  16 endoplasms
  9 giant cockroaches
  13 goblins
  6 hobgoblins
  5 quokkas
  14 ball pythons
  4 bats
  2 frilled lizards (Sewer)
  7 kobolds
  2 rats
100 creatures vanquished.

Notes
Turn   | Place    | Note
-------+----------+-------------------------------------------
     0 | D:1      | lonewolfV2 the Formicid Fighter began the quest for the
                  | Orb.
     0 | D:1      | Reached XP level 1. HP: 18/18 MP: 1/1
   123 | D:1      | Found Kacoh's Assorted Antiques.
   634 | D:2      | Reached XP level 2. HP: 24/24 MP: 2/2
   833 | D:2      | Found a faded altar of an unknown god.
   867 | D:2      | Reached XP level 3. HP: 27/30 MP: 3/3
  1128 | D:3      | Found an ancient bone altar of Kikubaaqudgha.
  1146 | D:3      | Found a sparkling altar of Nemelex Xobeh.
  1218 | D:3      | Found a glowing drain.
  1241 | D:3      | Reached XP level 4. HP: 37/37 MP: 4/4
  1248 | Sewer    | Entered a sewer
  1403 | Sewer    | Reached skill level 5 in Shields
  1684 | Sewer    | Reached XP level 5. HP: 42/42 MP: 5/5
  1822 | Sewer    | Noticed a bullfrog
  1823 | Sewer    | Noticed a bullfrog
  1827 | Sewer    | Killed a bullfrog
  1828 | Sewer    | Reached XP level 6. HP: 37/49 MP: 6/6
  1830 | Sewer    | Reached skill level 5 in Fighting
  1830 | Sewer    | Reached skill level 5 in Armour
  1890 | Sewer    | Identified a scroll of acquirement
  1890 | Sewer    | Acquired a +8 spectral giant club
  2018 | D:3      | Found a white marble altar of Elyvilon.
  2447 | D:3      | Found a runed translucent door.
  2448 | D:3      | Noticed Crazy Yiuf
  2454 | D:3      | Killed Crazy Yiuf
  2521 | D:4      | Noticed Eustachio
  2527 | D:4      | Noticed Robin
  2537 | D:4      | Killed Eustachio
  2538 | D:4      | Reached XP level 7. HP: 24/59 MP: 7/7
  2545 | D:4      | Killed Robin
  2610 | D:4      | Killed from afar by an orc priest

Illustrated notes

Levels and vault maps discovered:
D:1:      tarquinn_simple_flora_water_b, layout_rooms, serial_shops,
          nicolae_diamond_shop, kennysheep_decorative_pillar, minmay_hedge_maze,
          minivault_14, minmay_misc_feat_ornament
D:2:      layout_rooms, nicolae_ecumenical_oubliette
D:3:      layout_loops_ring, elyvilon_altar_3, mainiacjoe_overflow_swirl,
          cheibrodos_sewer_entry_bend, uniq_crazy_yiuf_cottage
D:4:      layout_loops_ring, mainiacjoe_overflow_six_doors_small,
          mainiacjoe_overflow_cross_hatched, uniq_eustachio, uniq_pikel,
          uniq_menkaure, uniq_grinder, uniq_robin

Skill      XL: |  1  2  3  4  5  6 |
---------------+-------------------+-----
Fighting       | 4 6 |  6.8
Armour         | 4 5 |  5.0
Shields        | 5 6 |  6.0
Axes           | |  2.0

Action                     |  1- 3 |  4- 6 |  7- 9 || total
---------------------------+-------+-------+-------++-------
  Melee: War axe           |    80 |   111 |       ||   191
         Giant club        |       |    25 |    28 ||    53
    Use: Scroll            |     2 |     3 |       ||     5
         Potion            |       |     1 |       ||     1
 Armour: Scale mail        |    48 |   110 |    17 ||   175
  Dodge: Dodged            |    38 |   109 |    20 ||   167
  Block: Buckler           |    17 |    59 |       ||    76
